AoeStats
← ManuS

Arabia

508095948Analyzed
2v2 RM · 13d ago on Sep 20, 2026· 30m 22s· 4 players
Game mode
Random Map
Map size
Medium (4 player)
Population
200
Speed
Normal
Resources
Standard
Victory
Conquest
Starting age
Dark Age
Ending age
Imperial Age
RankedLock teamsTeams togetherTeam positionsShared explorationLock speedFull tech treeHidden civsTurbo modeCheats
Victory
Defeat
🇨🇱 Khmer · Chile
1112
+11
🇦🇷 Franks · Argentina
1046
+13
🇪🇸 Huns · Spain
1022
-13
🇺🇾 Romans · Uruguay
960
-11
PIPEX1356
9:29 Loom
12:28 Feudal Age
20:36 Castle Age
18:52 Horse Collar
19:01 Double-Bit Axe
21:49 Crossbowman
22:34 Heavy Plow
24:24 Wheelbarrow
25:48 Husbandry
27:58 Bloodlines
27:48 Stone Mining
28:15 Gold Mining
29:42 Fervor
29:52 Hand Cart
ManuS
7:14 Loom
9:55 Feudal Age
11:29 Double-Bit Axe
18:12 Fletching
22:53 Castle Age
23:31 Scale Barding Armor
23:36 Forging
24:56 Husbandry
27:24 Bow Saw
27:59 Town Watch
29:16 Chain Barding Armor
30:50 Iron Casting
Danzer
12:20 Feudal Age
10:42 Loom
12:59 Horse Collar
13:05 Double-Bit Axe
20:55 Castle Age
19:07 Fletching
22:25 Padded Archer Armor
23:04 Bow Saw
VitoPedroPiranha
0:30 Loom
11:04 Feudal Age
12:57 Double-Bit Axe
22:03 Castle Age
20:25 Forging
20:43 Fletching
21:26 Padded Archer Armor
21:14 Man-at-Arms
26:08 Long Swordsman
26:49 Squires
26:54 Scale Mail Armor
28:27 Wheelbarrow
28:05 Bow Saw
29:00 Forging
28:52 Gold Mining
29:51 Chain Mail Armor
30:22 Bloodlines
30:55 Scale Barding Armor
Connection lost

Rejoining the realm…

Still unreachable

The connection could not be restored.

Session expired

The server has moved on; the page needs a fresh start.